 Dungeon Crawl Stone Soup version bcrawl-1.36.3 (webtiles) character file.

Game seed: 17134417882529131706

122369 zxcvbn the Grave Robber (level 3, -17/24 HPs)
             Began as a Demonspawn Necromancer on June 3, 2022.
             Demolished by an ogre
             ... wielding a +0 giant club
              (19 damage)
             ... on level 2 of the Dungeon.
             The game lasted 00:07:51 (798 turns).

zxcvbn the Grave Robber (Demonspawn Necromancer)     Turns: 798, Time: 00:07:51

Health: -17/24     AC:  2    Str:  8    XL:     3   Next: 3%
Magic:  5/6        EV: 12    Int: 17    God:
Gold:   77         SH:  0    Dex: 13    Spells: 5/6 levels left

rFire    . . .     SeeInvis .   a - +0 dagger (pain)
rCold    . . .     Gourm    .   (no shield)
rNeg     . . .     Faith    .   b - +0 robe
rPois    .         Spirit   .   (no helmet)
rElec    .         Reflect  .   (no cloak)
rCorr    .                      (no gloves)
MR       .....                  (no boots)
Stlth    ++........             (no amulet)
HPRegen  0.08/turn              d - +3 ring of slaying
MPRegen  0.10/turn              (no ring)

@: about to teleport
A: spiny 2
a: no special abilities


You were on level 2 of the Dungeon.
You were not hungry.

You visited 1 branch of the dungeon, and saw 2 of its levels.

You collected 77 gold pieces.

Inventory:

Hand Weapons
 a - a +0 dagger of pain (weapon)
 g - a +0 hunting sling
Armour
 b - a +0 robe (worn)
Jewellery
 d - a +3 ring of slaying (left hand)
Potions
 h - a potion of curing {unknown}
Comestibles
 e - 2 rations {!d}


   Skills:
 + Level 1.8 Dodging
 + Level 2.2 Stealth
 + Level 2.4 Spellcasting
 + Level 5.0 Necromancy


You had 5 spell levels left.
You knew the following spells:

 Your Spells              Type           Power        Failure   Level  Hunger
a - Necrotize             Necr           ###...       2%          1    None

Your spell library contained the following spells:

 Spells                   Type           Power        Failure   Level  Hunger
 Vampiric Draining        Necr           ###.......   7%          3    ####...
 Agony                    Necr           ###.....     22%         4    ######.
 Animate Dead             Necr           N/A          22%         4    ######.
 Dispel Undead            Necr           ###.....     54%         5    #######


Dungeon Overview and Level Annotations

Branches:
Dungeon (2/12)

Altars:


Innate Abilities, Weirdness & Mutations

You are mostly covered in sharp spines.


Message History

The ogre hits your hobgoblin zombie with a +0 giant club!
Your hobgoblin zombie is destroyed!
Casting: Necrotize (safe; 2% risk of failure)
Confirm with . or Enter, or press ? or * to list all spells.
Aiming: Necrotize (safe; 2% risk of failure)
Press: ? - help, Shift-Dir - straight line, f/p - ogre
Aim: an ogre, wielding a +0 giant club (moderately wounded, chance to defeat MR: 78%)
Okay, then.
The ogre closely misses you.
As you read the scroll labeled PENOUM ER EGUGAWN, it crumbles to dust.
It is a scroll of enchant armour.
Okay, then.
The hobgoblin closely misses you.
There isn't anything here!
As you read the scroll labeled FOYPEWNU YPRU, it crumbles to dust.
You feel strangely unstable.
It was a scroll of teleportation.
The ogre is struck by your spines.
The ogre hits you with a +0 giant club!!
Ouch! That really hurt!
You die...

####### ###########
#......###.........#
#..................#######
+........O................
#......<#@g.........######
#......###(.........##.#
#.....) #..........##.#
....... #..........##.#
....... ...............#
..#+####.###...........#
.. .. +.......##..# #
#.......##..###
.....######.....


You could see an ogre and a hobgoblin.

Vanquished Creatures
  2 dart slugs (D:1)
  A leopard gecko (D:1)
  A ball python (D:1)
  2 goblins (D:1)
  5 hobgoblins
  3 jackals (D:1)
  4 kobolds (D:1)
18 creatures vanquished.

Vanquished Creatures (collateral kills)
  A giant cockroach (D:1)
  A kobold (D:1)
2 creatures vanquished.

Grand Total: 20 creatures vanquished

Notes
Turn   | Place    | Note
-------+----------+-------------------------------------------
     0 | D:1      | zxcvbn the Demonspawn Necromancer began the quest for the
                  | Orb.
     0 | D:1      | Reached XP level 1. HP: 13/13 MP: 3/3
   112 | D:1      | Gained mutation: You are partially covered in sharp spines.
                  | [demonic ancestry]
   112 | D:1      | Reached XP level 2. HP: 5/19 MP: 5/5
   279 | D:1      | Reached skill level 5 in Necromancy
   528 | D:1      | Gained mutation: You are mostly covered in sharp spines.
                  | [demonic ancestry]
   528 | D:1      | Reached XP level 3. HP: 21/24 MP: 2/6
   767 | D:2      | Noticed an ogre
   775 | D:2      | HP: 1/24 [ogre/+0 giant club (22)]
   798 | D:2      | Demolished by an ogre

Skill      XL: |  1  2 |
---------------+-------+-----
Necromancy     | 5 |  5.0
Dodging        | |  1.8
Stealth        | |  2.2
Spellcasting   | |  2.4

Action                   || total
-------------------------++-------
Melee: Dagger            ||    11
 Cast: Necrotize         ||    24
  Use: Scroll            ||     2
Armor: Robe              ||     1
Dodge: Dodged            ||    14
